 Dungeon Crawl Stone Soup version 0.27.1-1-g398f81649c (console) character file.

Game seed: 3890000641322950914

756 thromnambular the Cudgeller (level 8, 0/56 HPs)
             Began as a Djinni Fire Elementalist on Sept 12, 2021.
             Was a Believer of Okawaru.
             Slain by a wyvern zombie (9 damage)
             ... on level 5 of the Dungeon.
             The game lasted 00:10:25 (7765 turns).

thromnambular the Cudgeller (DjFE)                  Turns: 7765, Time: 00:10:26

Health: 0/56       AC:  4    Str:  9    XL:     8   Next: 7%
Gold:   182        EV: 15    Int: 16    God:    Okawaru [**....] SH:  0 Dex: 15

rFire    + + .     SeeInvis .   b - +1 mace
rCold    x . .     Faith    .   (no shield)
rNeg     . . .     Spirit   .   A - +0 leather armour
rPois    ∞         Reflect  .   (no helmet)
rElec    .         Harm     .   y - scarf {shadows}
rCorr    .         Rampage  .   (no gloves)
Will     .....                  (boots unavailable)
Stlth    +++.......             (no amulet)
HPRegen  0.18/turn              (no ring)
MPRegen  0.00/turn              (no ring)

@: heroic, flying
A: sickness immunity, fire resistance 2, cold vulnerability 1, float, innate
caster, hp casting, extra vitality 1
a: Renounce Religion, Heroism


You were on level 5 of the Dungeon.
You worshipped Okawaru.
Okawaru was pleased with you.
You visited 1 branch of the dungeon, and saw 5 of its levels.
You also visited: Sewer.

You collected 182 gold pieces.

Inventory:

Hand Weapons
 b - a +1 mace (weapon)
Missiles
 n - 25 poisoned darts
 w - 2 throwing nets
Armour
 y - a scarf of shadows (worn)
 A - a +0 leather armour (worn)
Wands
 x - a wand of polymorph (10)
Scrolls
 c - a scroll of immolation
 m - a scroll of magic mapping {unknown}
 p - 4 scrolls of fog
 q - a scroll of enchant armour {unknown}
 s - a scroll of teleportation
 t - a scroll of blinking {unknown}
 u - 2 scrolls of fear {unknown}
 z - a scroll of amnesia {unknown}
Potions
 a - a potion of haste {unknown}
 d - a potion of lignification
 e - a potion of flight {unknown}
 f - a potion of curing
 g - a potion of resistance {unknown}
 h - a potion of heal wounds {unknown}
 j - a potion of attraction {unknown}
 k - 2 potions of berserk rage {unknown}
 l - 2 potions of cancellation {unknown}
 o - 2 potions of might {unknown}
 r - a potion of invisibility {unknown}
 v - a potion of mutation {unknown}


   Skills:
 + Level 3.2(8.2) Fighting
 - Level 5.0(10.0) Maces & Flails
 + Level 3.1(8.1) Armour
 - Level 2.4(7.4) Dodging
 - Level 1.5(6.5) Stealth
 + Level 3.1 Spellcasting


You couldn't memorise any spells.
You knew the following spells:

 Your Spells              Type           Power      Damage    Failure   Level
a - Foxfire               Conj/Fire      48%        2x1d6     7%          1
b - Conjure Flame         Conj/Fire      12%        6-21      21%         3
c - Inner Flame           Hex/Fire       12%        N/A       21%         3
d - Sticky Flame          Conj/Fire      12%        2d4       56%         4
e - Fireball              Conj/Fire      6%         3d5       88%         5
f - Freeze                Ice            48%        1d7       7%          1
g - Wereblood             Tmut           12%        N/A       11%         2
h - Searing Ray           Conj           24%        3d4       11%         2
Your spell library was empty.

Dungeon Overview and Level Annotations

Branches:
Dungeon (5/15)              Sewer (visited)
 Temple: D:4-7

Altars:
Elyvilon
Fedhas
Okawaru
Uskayaw
Wu Jian

Shops:
D:2 *

Annotations:
D:3 1 runed translucent door, Golfball's ghost, amateur TrFi


Innate Abilities, Weirdness & Mutations

You are immune to sickness and miasma.
You are immune to poison.
Your flesh is very heat resistant. (rF++)
You are vulnerable to cold. (rC-)
You float through the air rather than walking.
You learn spells naturally, not from books.
Your magical power is your life essence.
You have superior vitality. (+4 HP)


Message History

* * * LOW HITPOINT WARNING * * *
The wyvern zombie bites you but does no damage.
The wyvern zombie completely misses you.
Your transformation is almost over.
The wyvern zombie bites you.
* * * LOW HITPOINT WARNING * * *
The wyvern zombie bites you but does no damage. x2
The wyvern zombie bites you.
The wyvern zombie bites you but does no damage.
You feel less invigorated.
You feel less confused. The wyvern zombie bites you!
The wyvern zombie bites you but does no damage.
You gain the combat prowess of a mighty hero.
The wyvern zombie bites you but does no damage.
You hit the wyvern zombie.
The wyvern zombie is severely damaged.
The wyvern zombie bites you but does no damage.
You hit the wyvern zombie.
The wyvern zombie is severely damaged.
The wyvern zombie bites you but does no damage.
You completely miss the wyvern zombie.
The wyvern zombie is severely damaged.
The wyvern zombie bites you but does no damage.
You hit the wyvern zombie.
The wyvern zombie is almost destroyed.
The wyvern zombie bites you!
* * * LOW HITPOINT WARNING * * *
The wyvern zombie bites you but does no damage.
You completely miss the wyvern zombie.
The wyvern zombie is almost destroyed.
You feel less wooden.
Your scarf of shadows unmelds from your body.
Your +0 leather armour unmelds from your body.
It gets dark.
The wyvern zombie bites you.
* * * LOW HITPOINT WARNING * * *
You barely miss the wyvern zombie.
The wyvern zombie is almost destroyed.
The wyvern zombie bites you!
You die...

######
#<...#
#.####@#
#....Z.#
#####..#
....#
#.##.#
#. #.# #
#.# ..#


You could see a wyvern zombie.

Vanquished Creatures
  Menkaure (D:4)
  A water moccasin (D:4)
  A black bear (D:4)
  Purgy (Sewer)
  An iguana (D:4)
  2 orc wizards (D:4)
  A hound zombie (D:3)
  5 gnolls
  10 adders
  A worm (D:2)
  3 dart slugs
  8 orcs
  8 ball pythons
  7 bats
  13 endoplasms
  3 giant cockroaches
  9 goblins
  9 hobgoblins
  2 jackals (D:2)
  8 kobolds
  5 quokkas
  10 frilled lizards
  3 rats (D:2)
112 creatures vanquished.

Vanquished Creatures (collateral kills)
  2 foxfires (D:2)
2 creatures vanquished.

Vanquished Creatures (others)
  556 foxfires
  11 plants (D:2)
  2 withered plants (D:3)
569 creatures vanquished.

Grand Total: 683 creatures vanquished

Notes
Turn   | Place    | Note
-------+----------+-------------------------------------------
     0 | D:1      | thromnambular the Djinni Fire Elementalist began the quest
                  | for the Orb.
     0 | D:1      | Reached XP level 1. HP: 15/15 MP: 0/0
   676 | D:1      | Reached XP level 2. HP: 19/22 MP: 0/0
   707 | D:1      | Found a faded altar of an unknown god.
   726 | D:1      | Became a worshipper of Warmaster Okawaru
   726 | D:1      | Reached * piety under Okawaru
  1117 | D:1      | Reached skill level 1 in Maces & Flails
  1528 | D:1      | Reached XP level 3. HP: 21/26 MP: 0/0
  1528 | D:1      | Learned a level 1 spell: Freeze
  2286 | D:1      | Reached skill level 2 in Maces & Flails
  2478 | D:2      | Reached XP level 4. HP: 17/31 MP: 0/0
  2622 | D:2      | Found Qeppoen's Assorted Antiques.
  3928 | D:3      | Reached skill level 3 in Maces & Flails
  4070 | D:3      | Reached XP level 5. HP: 32/36 MP: 0/0
  4070 | D:3      | Learned a level 2 spell: Wereblood
  4177 | D:3      | Found an ornate altar of the Wu Jian Council.
  4313 | D:3      | Found a hide-covered altar of Uskayaw.
  4400 | D:3      | Found a blossoming altar of Fedhas.
  4452 | D:3      | Found a glowing drain.
  4462 | Sewer    | Entered a sewer
  4648 | Sewer    | Noticed Purgy
  4667 | Sewer    | Killed Purgy
  4668 | Sewer    | Reached skill level 4 in Maces & Flails
  4668 | Sewer    | Reached XP level 6. HP: 31/41 MP: 0/0
  5035 | D:3      | Found a runed translucent door.
  5035 | D:3      | Noticed Golfball's ghost (amateur TrFi)
  5879 | D:4      | Noticed Menkaure
  5889 | D:4      | Killed Menkaure
  5890 | D:4      | Reached skill level 1 in Fighting
  5890 | D:4      | Reached skill level 1 in Armour
  5890 | D:4      | Reached XP level 7. HP: 40/47 MP: 0/0
  5890 | D:4      | Learned a level 2 spell: Searing Ray
  6536 | D:4      | Noticed a water moccasin
  6851 | D:4      | Found a white marble altar of Elyvilon.
  6901 | D:4      | Reached skill level 5 in Maces & Flails
  7193 | D:4      | Reached ** piety under Okawaru
  7199 | D:4      | Killed a water moccasin
  7482 | D:4      | Reached XP level 8. HP: 45/56 MP: 0/0
  7721 | D:5      | Entered Level 5 of the Dungeon
  7765 | D:5      | Slain by a wyvern zombie

Illustrated notes

Levels and vault maps discovered:
D:1:      roderic_octagonal_star, layout_basic,
          hellmonk_ecumenical_altar_crossroads,
          hangedman_abyss_or_decor_lesser_grid, minivault_26,
          kennysheep_nondescript, serial_bayou_pond_d,
          ebering_dispersal_statue_hall
D:2:      layout_loops_cross, serial_shops, nicolae_shop_window_shopping,
          serial_forest, infiniplex_forest_clump_C, infiniplex_forest_lined_1,
          infiniplex_forest_split, infiniplex_forest_clump_curved,
          infiniplex_forest_clump_double
D:3:      layout_loops_corners, nicolae_wu_jian_immortal_techniques,
          mainiacjoe_overflow_small_starburst, mainiacjoe_overflow_tiny_flanked,
          gammafunk_ghost_grave, cheibrodos_sewer_entry_sluice, minmay_distorted
D:4:      minmay_spotlight, layout_rooms, elyvilon_altar_5, uniq_menkaure
D:5:      layout_basic, st_stairs_1, serial_bayou_pond_e, uniq_blork_the_orc

Skill      XL: |  1  2  3  4  5  6  7 |
---------------+----------------------+-----
Maces & Flails | 1 2 3 4 5 |  5.0
Fighting       | 1 3 |  3.2
Armour         | 1 3 |  3.1
Spellcasting   | 3 |  3.1
Dodging        | |  2.4
Stealth        | |  1.5

Action                   |  1- 3 |  4- 6 |  7- 9 || total
-------------------------+-------+-------+-------++-------
Melee: Unarmed           |     1 |       |       ||     1
       Mace              |     7 |    23 |    35 ||    65
 Cast: Foxfire           |    97 |   150 |   105 ||   352
       Wereblood         |       |       |     1 ||     1
       Searing Ray       |       |       |     1 ||     1
Invok: Heroism           |       |       |     1 ||     1
  Use: Scroll            |       |     2 |     4 ||     6
       Potion            |       |     1 |     5 ||     6
Armor: Robe              |     2 |     6 |     4 ||    12
       Skin              |       |       |    27 ||    27
       Leather armour    |       |       |     3 ||     3
Dodge: Dodged            |    14 |    36 |    26 ||    76
